 Dungeon Crawl Stone Soup version 0.31.0-32-g396128a36d (webtiles) character file.

Game seed: 7162703708448751199

47536 RatsInWalls the Grappler (level 14, -37/169 HPs)
             Began as a Troll Shapeshifter on Mar 9, 2024.
             Was the Champion of Nemelex Xobeh.
             Annihilated by a very large slime creature (39 damage)
             ... on level 12 of the Dungeon.
             The game lasted 01:07:17 (15805 turns).

RatsInWalls the Grappler (Troll Shapeshifter)      Turns: 15805, Time: 01:07:17

Health: -37/169    AC: 10    Str: 30    XL:     14   Next: 8%
Magic:  20/20      EV: 11    Int: 10    God:    Nemelex Xobeh [******]
Gold:   1115       SH:  0    Dex:  9    Spells: 13/13 levels left

rFire   + .          .
                       - Unarmed
rCold   . . .        (shield currently unavailable)
rNeg    . . .        I - melded +0 steam dragon scales
rPois   +            (helmet currently unavailable)
rElec   .            (cloak currently unavailable)
rCorr   .            (gloves unavailable)
SInv    .            (boots unavailable)
Will    ++...        u - amulet of faith
Stlth   ++           B - ring of protection from fire
HPRegen 1.28/turn    O - ring of willpower
MPRegen 0.17/turn

%: faith
@: snake-form
A: constrict, boosted hp, large, unfitting armour, (claws 3), regeneration 1,
(shaggy fur 1), (tough skin 1)
a: Begin Untransformation, Renounce Religion, Draw Escape, Draw Destruction,
Draw Summoning, Triple Draw, Deal Four, Stack Five


You were on level 12 of the Dungeon.
You worshipped Nemelex Xobeh.
Nemelex Xobeh was exalted by your worship.
You were an enormous serpent.
You visited 3 branches of the dungeon, and saw 18 of its levels.
You also visited: Ossuary.

You collected 1115 gold pieces.

Inventory:

Hand Weapons
 p - the +7 mace "Ehahaef" {heavy, *Noise rC+ Str+3}
   (You found it on level 4 of the Dungeon)

   Str+3:     It affects your strength (+3).
   rC+:       It protects you from cold.
   *Noise:    It may make a loud noise when swung.
Missiles
 e - 191 stones (quivered)
 x - a throwing net
Armour
 w - a scarf of invisibility
 I - +0 steam dragon scales (melded)
 K - +0 swamp dragon scales
 P - a +2 cloak
Jewellery
 g - a ring of resist corrosion
 u - an amulet of faith (around neck)
 B - a ring of protection from fire (left hand)
 G - a ring of ice
 H - a ring of fire
 O - a ring of willpower (right hand)
Talismans
 c - a beast talisman
 d - a flux talisman
 M - a serpent talisman (active)
Wands
 a - a wand of flame (24)
 F - a wand of roots (14)
 J - a wand of acid (21)
 R - a wand of paralysis (6)
Scrolls
 f - 3 scrolls of summoning
 j - 6 scrolls of fog
 k - 4 scrolls of teleportation {unknown}
 n - a scroll of enchant weapon {unknown}
 o - 7 scrolls of blinking
 q - a scroll of torment {unknown}
 r - 3 scrolls of amnesia
 s - 7 scrolls of vulnerability
 y - a scroll of enchant armour {unknown}
 z - a scroll of brand weapon {unknown}
 C - 3 scrolls of fear
 D - 3 scrolls of revelation
 N - 2 scrolls of poison {unknown}
 Q - a scroll of noise {unknown}
 U - a scroll of identify
Potions
 b - 6 potions of lignification
 h - a potion of haste
 i - 3 potions of invisibility
 l - 2 potions of enlightenment
 m - 5 potions of ambrosia
 t - 3 potions of curing
 v - 3 potions of brilliance
 A - 2 potions of resistance
 E - 2 potions of berserk rage
 L - a potion of attraction
 T - a potion of magic {unknown}


   Skills:
 + Level 9.8 Fighting
 - Level 2.0 Armour
 - Level 7.0 Dodging
 - Level 2.4 Stealth
 + Level 12.1 Unarmed Combat
 + Level 9.6 Invocations
 * Level 12.0 Shapeshifting


You had 13 spell levels left.
You didn't know any spells.
Your spell library contained the following spells:

 Spells                   Type           Power      Damage    Failure   Level
 Magic Dart               Conj           0%         1d3       36%         1
 Blink                    Tloc           0%         N/A       50%         2
 Call Imp                 Summ           0%         N/A       50%         2
 Ensorcelled Hibernation  Hex/Ice        0%         N/A       50%         2
 Jinxbite                 Hex            0%         N/A       50%         2
 Searing Ray              Conj           0%         2d4       50%         2
 Passwall                 Erth           0%         N/A       75%         3
 Swiftness                Air            0%         N/A       75%         3
 Tukima's Dance           Hex            0%         N/A       75%         3
 Dimensional Bullseye     Hex/Tloc       0%         N/A       98%         4
 Fulminant Prism          Conj/Alch      0%         3d5       98%         4
 Iskenderun's Mystic Bla  Conj/Tloc      0%         2d3       98%         4
 Yara's Violent Unravell  Hex/Alch       0%         3d3       100%        5
 Enfeeble                 Hex            0%         N/A       100%        7


Dungeon Overview and Level Annotations

Branches:
Dungeon (12/15)            Temple (1/1) D:6            Lair (5/5) D:9
  Swamp (0/4) Lair:3        Snake (0/4) Lair:3        Slime (0/5) Lair:4
    Orc (0/2) D:9         Ossuary (visited)

Altars:
Ashenzari
Cheibriados
Dithmenos
Elyvilon
Fedhas
Gozag
Hepliaklqana
Kikubaaqudgha
Makhleb
Nemelex Xobeh
Okawaru
Qazlal
Ru
Sif Muna
Trog
Uskayaw
Vehumet
Wu Jian
Xom
Yredelemnul
Zin
The Shining One
Jiyva

Shops:
D:6 [   D:7 :   D:12 ((


Innate Abilities, Weirdness & Mutations

You are an enormous serpent.
You have a powerful constriction melee attack.
Your maximum health is increased.
Your armour is entirely melded.
You are incapable of wielding weapons or throwing items.
You are too large for most types of armour.
((You have claws for hands.))
Your natural rate of healing is unusually fast.
((You are covered in fur. (AC +1)))
((You have tough skin. (AC +1)))


Message History

The hog is severely wounded.
You constrict the hog. The hog bites you!
You crush the hog!!!
You kill the hog!
A troll comes into view.
You crush the very large slime creature!!!
The very large slime creature is lightly wounded.
The very large slime creature hits you!!!
A two-headed ogre comes into view.
It is wielding a +0 giant club and a +0 giant spiked club.
You hear a shout!
You body-slam the very large slime creature!!
The very large slime creature is moderately wounded.
The very large slime creature hits you!
You body-slam the very large slime creature!!
The very large slime creature is heavily wounded.
The very large slime creature hits you.
You body-slam the very large slime creature!!
The very large slime creature is severely wounded.
You hit the very large slime creature.
The very large slime creature is severely wounded.
The very large slime creature closely misses you.
An orc comes into view. It is wielding a +0 short sword.
You body-slam the very large slime creature!!
The very large slime creature is severely wounded.
The very large slime creature barely misses you.
You completely miss the very large slime creature.
The very large slime creature is severely wounded.
The very large slime creature hits you!!!
You hear an angry squeal.
You hit the very large slime creature.
The very large slime creature is almost dead.
The very large slime creature hits you!!!
* * * LOW HITPOINT WARNING * * *
You feel much better.
The very large slime creature hits you!!!
* * * LOW HITPOINT WARNING * * *
The very large slime creature attacks as it pursues you!
The very large slime creature hits you!!!
You die...
Your body glows with a rainbow of weird colours and disappears.

### #.# #.###########
#.S.........# #J#########.#
####### #.# ..#.#
......#########h## #.#.######
........#....#oOh# #.#......#
........#....#...## #.#......#
........#....#...##.###.#......##
.......h...h........J............
####....#....##.###.#.##.#.....##


You could see a very large slime creature, a two-headed ogre, a hog and an orc.

Vanquished Creatures
  Josephine (D:11)
  3 hydras
  An anaconda (Lair:2)
  A boulder beetle (D:12)
  2 two-headed ogres
  A skyshark (Lair:3)
  A goliath frog (Lair:5)
  A mana viper (Lair:5)
  A lindwurm (Lair:4)
  A wolf spider (Lair:5)
  A moth of wrath (Lair:5)
  A manticore (D:11)
  Joseph (D:7)
  6 elephants (Lair:3)
  A guardian serpent (Lair:5)
  A torpor snail (Lair:1)
  13 black mambas
  13 cane toads
  Maggie (D:7)
  2 rime drakes (Lair:1)
  9 komodo dragons
  2 trolls (D:11)
  A wandering mushroom (Lair:5)
  A queen bee (Lair:1)
  13 blink frogs
  A hornet (Lair:5)
  5 dream sheep (Lair:3)
  40 yaks
  A shadow (D:11)
  5 wraiths
  2 hogs (D:12)
  14 wyverns
  3 basilisks
  2 steam dragons
  2 redbacks (Lair:5)
  A swamp worm (Lair:3)
  2 vampire mosquitoes (D:12)
  2 nagas (Lair:3)
  20 water moccasins
  4 orc warriors
  2 sky beasts
  4 wolves (Lair:1)
  4 ice beasts
  2 ogres (D:6)
  A centaur (D:4)
  A phantom (D:5)
  2 elf zombies (Ossuary)
  5 kobold brigands
  2 scorpions
  4 bullfrogs
  20 killer bees
  2 electric eels (Lair:3)
  3 bombardier beetles
  7 howler monkeys
  A centaur zombie (Ossuary)
  6 hounds
  15 jellies
  5 human zombies (Ossuary)
  5 orc priests
  A sleepcap (D:6)
  3 iguanas
  11 orc wizards
  2 hell rats
  2 hound zombies (Ossuary)
  3 mummies
  2 gnolls
  8 adders
  2 shadow imps (D:6)
  A white imp (D:5)
  6 adder zombies (Ossuary)
  2 dart slugs (D:4)
  2 ribbon worms (D:4)
  41 orcs
  9 endoplasms
  2 giant cockroaches (D:4)
  3 hobgoblins
  6 jackals
  23 kobolds
  5 quokkas
  7 ball pythons
  3 bats
  3 frilled lizards
  2 gnoll zombies (Ossuary)
  3 goblins
  6 jackal zombies (Ossuary)
  5 kobold zombies (Ossuary)
  8 orc zombies (Ossuary)
  3 rats
448 creatures vanquished.

Vanquished Creatures (collateral kills)
  Amaemon (D:11)
  An ugly thing (D:11)
  A cane toad (Lair:5)
  An orange demon (D:11)
  An efreet (D:11)
  A kobold demonologist (D:12)
  A hornet (Lair:5)
  A dream sheep (Lair:3)
  A water moccasin (Lair:5)
  4 wolves (Lair:5)
  3 kobold brigands (D:12)
  8 killer bees (Lair:1)
  An electric eel (D:9)
  An orc priest (D:9)
  An orc wizard (D:9)
  4 hell rats (Lair:5)
  An orc (D:9)
  A kobold (D:12)
33 creatures vanquished.

Grand Total: 481 creatures vanquished

Notes
Turn   | Place    | Note
-------+----------+-------------------------------------------
     0 | D:1      | RatsInWalls the Troll Shapeshifter began the quest for the
                  | Orb.
     0 | D:1      | Reached XP level 1. HP: 18/18 MP: 0/0
   144 | D:1      | Reached skill level 1 in Fighting
   215 | D:1      | Reached XP level 2. HP: 24/27 MP: 1/1
   534 | D:2      | Found a faded altar of an unknown god.
   689 | D:2      | Reached XP level 3. HP: 33/33 MP: 2/2
   839 | D:2      | You fall into a shaft and drop 2 floors!
   858 | D:4      | Identified the +7 mace "Ehahaef" {heavy, *Noise rC+ Str+3}
  1483 | D:3      | Reached XP level 4. HP: 33/42 MP: 3/3
  1883 | D:3      | Identified the +3 leather armour "Ylar Aps" {*Corrode rElec
                  | rC- Str+6}
  2375 | D:4      | Reached XP level 5. HP: 47/49 MP: 4/4
  2444 | D:4      | Noticed a sky beast
  2456 | D:4      | Killed a sky beast
  2457 | D:4      | Reached XP level 6. HP: 52/59 MP: 5/5
  2708 | D:4      | Identified the +0 chain mail of Eternal Vigilance {Harm
                  | *Corrode Dex+3}
  2859 | D:4      | Reached skill level 5 in Unarmed Combat
  3051 | D:5      | Entered Level 5 of the Dungeon
  3064 | D:5      | Reached XP level 7. HP: 67/67 MP: 6/6
  3111 | D:5      | Found a snail-covered altar of Cheibriados.
  3894 | D:6      | Found Taimeir's Armour Shoppe.
  3935 | D:6      | Found a glowing silver altar of Zin.
  3946 | D:6      | Found a shadowy altar of Dithmenos.
  4067 | D:6      | Found a sand-covered staircase.
  4072 | D:6      | Reached XP level 8. HP: 79/79 MP: 7/7
  4075 | Ossuary  | Entered an ossuary
  4337 | Ossuary  | Reached skill level 5 in Fighting
  4442 | D:6      | Found an iron altar of Okawaru.
  4464 | D:6      | Reached skill level 5 in Shapeshifting
  4862 | D:6      | Found a staircase to the Ecumenical Temple.
  5028 | Temple   | Entered the Ecumenical Temple
  5085 | Temple   | Became a worshipper of Nemelex Xobeh the Trickster
  5397 | D:7      | Noticed Maggie
  5481 | D:7      | Found a basalt altar of Yredelemnul.
  5635 | D:7      | Found Duonun's Self-Published Books.
  5642 | D:7      | Reached XP level 9. HP: 80/88 MP: 8/8
  5658 | D:7      | Reached skill level 1 in Invocations
  5920 | D:7      | Reached * piety under Nemelex Xobeh
  5920 | D:7      | Noticed Joseph
  6303 | D:8      | Noticed a two-headed ogre
  6365 | D:8      | Killed a two-headed ogre
  6572 | D:8      | Reached skill level 5 in Dodging
  6749 | D:8      | Found a white marble altar of Elyvilon.
  6895 | D:9      | Received a gift from Nemelex Xobeh
  6977 | D:7      | Killed Joseph
  6978 | D:7      | Reached XP level 10. HP: 63/98 MP: 12/12
  7073 | D:7      | Killed Maggie
  7332 | D:9      | Reached ** piety under Nemelex Xobeh
  7342 | D:9      | Found a hide-covered altar of Uskayaw.
  7429 | D:9      | Found an ornate altar of the Wu Jian Council.
  7445 | D:9      | Found a staircase to the Lair.
  7605 | D:9      | Found a staircase to the Orcish Mines.
  7931 | D:10     | Entered Level 10 of the Dungeon
  7961 | D:10     | Reached skill level 5 in Invocations
  8169 | D:10     | Received a gift from Nemelex Xobeh
  8528 | D:10     | Received a gift from Nemelex Xobeh
  8539 | D:10     | Reached *** piety under Nemelex Xobeh
  8879 | D:11     | Noticed an orange demon
  8881 | D:11     | Identified the +1 long sword "Transmigrator" {drain, Str+4}
  8881 | D:11     | Noticed Amaemon
  8958 | Lair:1   | Entered Level 1 of the Lair of Beasts
  9041 | Lair:1   | Reached XP level 11. HP: 43/109 MP: 14/14
  9215 | Lair:1   | Received a gift from Nemelex Xobeh
  9238 | Lair:1   | Reached skill level 1 in Armour
  9571 | Lair:1   | Reached skill level 1 in Stealth
  9697 | Lair:1   | Received a gift from Nemelex Xobeh
  9955 | Lair:1   | Reached skill level 10 in Unarmed Combat
 10484 | Lair:2   | Reached **** piety under Nemelex Xobeh
 10502 | Lair:2   | Noticed a catoblepas
 10507 | Lair:2   | a catoblepas changed into an anaconda
 10507 | Lair:2   | Noticed an anaconda
 10512 | Lair:2   | Killed an anaconda
 10599 | Lair:2   | Received a gift from Nemelex Xobeh
 10603 | Lair:2   | Noticed a four-headed hydra
 10608 | Lair:2   | Killed a four-headed hydra
 10609 | Lair:2   | Reached XP level 12. HP: 117/119 MP: 16/16
 10806 | Lair:2   | Received a gift from Nemelex Xobeh
 11344 | Lair:3   | Found a staircase to the Swamp.
 11388 | Lair:3   | Found a staircase to the Snake Pit.
 11448 | Lair:3   | Reached ***** piety under Nemelex Xobeh
 11522 | Lair:3   | Received a gift from Nemelex Xobeh
 12161 | Lair:4   | Reached skill level 10 in Shapeshifting
 12282 | Lair:4   | Reached XP level 13. HP: 130/130 MP: 18/18
 12424 | Lair:4   | Received a gift from Nemelex Xobeh
 12425 | Lair:4   | Found a viscous altar of Jiyva.
 12425 | Lair:4   | Found a staircase to the Slime Pits.
 12481 | Lair:4   | You fall into a shaft and drop 1 floor!
 12481 | Lair:5   | Entered Level 5 of the Lair of Beasts
 12820 | Lair:4   | Received a gift from Nemelex Xobeh
 13774 | Lair:5   | Received a gift from Nemelex Xobeh
 14685 | Lair:5   | Identified the +7 flail "Anuhad" {drain, +Blink Will+}
 14699 | Lair:5   | Received a gift from Nemelex Xobeh
 15143 | D:11     | Noticed Josephine
 15146 | D:11     | Killed Josephine
 15518 | D:11     | Killed Amaemon
 15569 | D:11     | Reached XP level 14. HP: 141/141 MP: 20/20
 15572 | D:12     | Found Xaurph's Weapon Emporium.
 15669 | D:12     | Found Beintuf's Weapon Emporium.
 15689 | D:12     | Reached ****** piety under Nemelex Xobeh
 15733 | D:12     | Received a gift from Nemelex Xobeh
 15804 | D:12     | HP: 1/169 [very large slime creature (36)]
 15805 | D:12     | Annihilated by a very large slime creature

Illustrated notes

Levels and vault maps discovered:
D:1:      dpeg_arrival_stonehenge_8_columns, layout_loops_ring
D:2:      layout_rooms, hellmonk_ecumenical_altar_lost_god,
          hangedman_abyss_or_decor_stabs
D:3:      layout_basic
D:4:      minmay_opposing_rooms, layout_basic, kennysheep_dice
D:5:      layout_basic, mainiacjoe_overflow_concentric_impassable
D:6:      layout_basic, mainiacjoe_overflow_six_doors_small,
          jmf_multi_god_temple2, minmay_temple_entry_nine_rooms, serial_shops,
          shop, gup_ossuary_entry_pyramid
D:7:      layout_loops_cross, kennysheep_little_box, nicolae_custom_books,
          lightli_minifort, uniq_maggie, uniq_joseph
D:8:      layout_rooms, elyvilon_altar_5, hangedman_abyss_or_decor_passed
D:9:      layout_roguey, pdpol_wu_jian_five_deadly_venoms,
          nicolae_uskayaw_suspiria, orc_0_dummy, kennysheep_generic_room_16
D:10:     layout_basic, blue_anna_alchemist
D:11:     layout_gridville, uniq_josephine, uniq_amaemon
D:12:     layout_basic, serial_shops, shop, nicolae_take_the_stairs, shop, shop,
          shop, grunt_ministairs_2, uniq_kirke
Temple:   nicolae_temple_ecumenical_triangle
Lair:1:   layout_hall_layers, special_room [special_room_bee], fungi_pond_lemuel
Lair:2:   layout_chaotic_city, infiniplex_staircase_pool_2
Lair:3:   layout_hall_layers, nicolae_swamp_entry_splash_gauntlet,
          guppyfry_snake_entry_garden
Lair:4:   layout_gridlike, minmay_slime_entry_jelly_boxes, beast_lair_carwin_8,
          serial_bayou_shore_b, grunt_megastairs_2, lemuel_fruit_tree
Lair:5:   hangedman_lair_tendril_chambers, layout_cave_pods

Skill      XL: |  1  2  3  4  5  6  7  8  9 10 11 12 13 14 |
---------------+-------------------------------------------+-----
Fighting       | 1 2 3 4 5 6 7 8 9 |  9.8
Dodging        | 2 3 4 5 6 7 |  7.0
Unarmed Combat | 4 5 6 7 8 9 10 11 12 | 12.1
Shapeshifting  | 4 5 6 7 8 10 11 12 | 12.0
Invocations    | 4 6 7 8 9 |  9.6
Armour         | 2 |  2.0
Stealth        | 2 |  2.4

Action                     |  1- 3 |  4- 6 |  7- 9 | 10-12 | 13-15 || total
---------------------------+-------+-------+-------+-------+-------++-------
  Melee: Unarmed           |    97 |   112 |   319 |   400 |   270 ||  1198
         Punch             |     3 |     2 |    13 |    10 |       ||    28
         Constrict         |       |       |       |    61 |    53 ||   114
  Throw: Stone             |       |     1 |    15 |     1 |       ||    17
 Invoke: Draw Destruction  |       |       |       |    33 |    31 ||    64
         Draw Summoning    |       |       |       |     5 |     5 ||    10
         Draw Escape       |       |       |       |     1 |     1 ||     2
  Evoke: Wand              |       |       |       |     8 |       ||     8
    Use: Scroll            |     1 |     1 |     5 |     4 |     5 ||    16
         Potion            |     1 |       |     1 |       |     1 ||     3
   Stab: Sleeping          |     1 |     1 |     4 |       |       ||     6
         Petrified         |       |       |       |     2 |       ||     2
 Armour: Animal skin       |    59 |    57 |   160 |       |       ||   276
         Skin              |       |       |    94 |   209 |   183 ||   486
         Steam dragon scal |       |       |     4 |    65 |       ||    69
  Dodge: Dodged            |    31 |    47 |   150 |   166 |   129 ||   523
   Form: Serpent           |       |       |       |     1 |       ||     1
